 Dungeon Crawl Stone Soup version 0.26.1 (webtiles) character file.

Game seed: 4413924512743590851

192 Araneus the Insei (level 5, 0/41 HPs)
             Began as a Demonspawn Monk on Feb 5, 2021.
             Slain by a worker ant zombie (2 damage)
             ... on level 5 of the Dungeon.
             The game lasted 00:08:22 (4075 turns).

Araneus the Insei (Demonspawn Monk)                 Turns: 4075, Time: 00:08:23

Health: 0/41       AC:  5    Str: 11 (13) XL:     5   Next: 42%
Magic:  5/5        EV: 12    Int:  9 (11) God:
Gold:   203        SH:  9    Dex: 14 (15) Spells: 4/4 levels left

rFire    . . .     SeeInvis +     - Unarmed
rCold    + . .     Faith    .   (no shield)
rNeg     . . .     Spirit   .   j - +0 leather armour
rPois    .         Reflect  +   (no helmet)
rElec    .         Harm     .   a - +1 cloak
rCorr    .         Rampage  .   (no gloves)
Will     .....                  (no boots)
Stlth    ++........             w - amulet of reflection
HPRegen  0.13/turn              x - ring of see invisible
MPRegen  0.09/turn              v - ring of protection from cold

@: mighty, brilliant, flying
A: large bone plates 1
a: no special abilities


You were on level 5 of the Dungeon.
You visited 1 branch of the dungeon, and saw 5 of its levels.

You collected 203 gold pieces.

Inventory:

Armour
 a - a +1 cloak (worn)
 j - a +0 leather armour (worn)
Jewellery
 v - a ring of protection from cold (right hand)
 w - an amulet of reflection (around neck)
 x - a ring of see invisible (left hand)
 y - an uncursed amulet of faith
Wands
 s - a wand of disintegration (8)
Scrolls
 d - 3 scrolls of teleportation {unknown}
 e - 3 scrolls of immolation {unknown}
 f - a scroll of blinking {unknown}
 h - 3 scrolls of remove curse {unknown}
 i - 2 scrolls of random uselessness {unknown}
 k - 2 scrolls of enchant weapon {unknown}
 m - a scroll of identify {unknown}
 n - a scroll of magic mapping {unknown}
 r - a scroll of amnesia {unknown}
Potions
 b - a potion of degeneration
 q - a potion of resistance {unknown}
 u - a potion of lignification {unknown}
 z - 2 potions of haste {unknown}


   Skills:
 - Level 3.0 Fighting
 - Level 2.6 Dodging
 - Level 1.7 Stealth
 + Level 5.6 Unarmed Combat


You had 4 spell levels left.
You didn't know any spells.
Your spell library was empty.

Dungeon Overview and Level Annotations

Branches:
Dungeon (5/15)
 Temple: D:4-7

Altars:
Elyvilon
Nemelex Xobeh
Okawaru
Wu Jian

Portals:
Sewer: D:5


Innate Abilities, Weirdness & Mutations

You are partially covered in large bone plates. (SH +4)


Message History

You punch the orc wizard!
You kill the orc wizard!
The bullfrog skeleton closely misses you.
The worker ant zombie barely misses you.
The bullfrog skeleton barely misses you.
You feel your intelligence returning.
You punch the bullfrog skeleton!
You destroy the bullfrog skeleton!
You feel less confused. The worker ant zombie bites you.
* * * LOW HITPOINT WARNING * * *
You punch the worker ant zombie!
The worker ant zombie is moderately damaged.
The worker ant zombie closely misses you.
You punch the worker ant zombie!
The worker ant zombie is heavily damaged.
You hit the worker ant zombie.
The worker ant zombie is severely damaged.
The worker ant zombie bites you.
You die...

.#...#..#.......#
.≈≈≈≈≈.... .....#
≈≈≈≈≈≈≈#.# #...#
≈≈≈≈≈≈≈≈.####...#
≈≈≈∩≈≈≈.....†<..#
≈≈≈≈≈≈≈≈..).†...#
≈≈≈≈≈≈≈#........#
.≈≈≈≈≈.Z.)†.?...+
.#...#..@.......#
.......######+###
###.##. # .. ##.
#. #.


You could see a worker ant zombie.

Vanquished Creatures
  A bullfrog skeleton (D:5)
  An orc priest (D:5)
  An orc wizard (D:5)
  4 adders
  2 worms (D:3)
  5 dart slugs
  A leopard gecko (D:3)
  3 orcs (D:3)
  4 bats
  5 giant cockroaches
  4 goblins
  5 hobgoblins
  8 kobolds
  2 quokkas
  2 ball pythons
  5 frilled lizards
  A leopard gecko skeleton (D:4)
  A rat (D:3)
55 creatures vanquished.

Vanquished Creatures (others)
  An orc (D:5)
  A ball python (D:5)
2 creatures vanquished.

Grand Total: 57 creatures vanquished

Notes
Turn   | Place    | Note
-------+----------+-------------------------------------------
     0 | D:1      | Araneus the Demonspawn Monk began the quest for the Orb.
     0 | D:1      | Reached XP level 1. HP: 18/18 MP: 1/1
     0 | D:1      | Noticed an orb of fire
     0 | D:1      | Noticed a yellow draconian
     1 | D:1      | Noticed a shadow dragon
     1 | D:1      | Noticed an iron dragon
     3 | D:1      | Noticed a tentacled monstrosity
     3 | D:1      | Noticed a large abomination
     5 | D:1      | Noticed a tentacled monstrosity
     6 | D:1      | Noticed an iron dragon
     7 | D:1      | Noticed a golden dragon
    10 | D:1      | Noticed an ice dragon
    12 | D:1      | Noticed a shadow dragon
    14 | D:1      | Noticed a shadow dragon
    14 | D:1      | Noticed a shadow dragon
    16 | D:1      | Noticed a red draconian
    18 | D:1      | Noticed an orb of fire
    18 | D:1      | Noticed a tentacled monstrosity
    18 | D:1      | Noticed an ice dragon
    20 | D:1      | Noticed a large abomination
    20 | D:1      | Noticed an orb of fire
    56 | D:1      | Reached skill level 3 in Unarmed Combat
   268 | D:1      | Gained mutation: You are partially covered in large bone
                  | plates. (SH +4) [demonic ancestry]
   268 | D:1      | Reached XP level 2. HP: 21/24 MP: 2/2
   953 | D:2      | Reached XP level 3. HP: 17/29 MP: 3/3
  1109 | D:2      | Reached skill level 4 in Unarmed Combat
  1614 | D:2      | Found an iron altar of Okawaru.
  2313 | D:3      | Reached XP level 4. HP: 30/35 MP: 4/4
  3063 | D:2      | Found a sparkling altar of Nemelex Xobeh.
  3063 | D:2      | Found a white marble altar of Elyvilon.
  3069 | D:2      | Found an ornate altar of the Wu Jian Council.
  4014 | D:5      | Entered Level 5 of the Dungeon
  4027 | D:5      | Found a glowing drain.
  4044 | D:5      | Reached skill level 5 in Unarmed Combat
  4044 | D:5      | Reached XP level 5. HP: 16/41 MP: 5/5
  4072 | D:5      | HP: 1/41 [worker ant zombie (4)]
  4075 | D:5      | Slain by a worker ant zombie

Illustrated notes

Levels and vault maps discovered:
D:1:      shiori_arrival_whats_in_store_for_you, layout_basic,
          minmay_misc_feat_cross, corner_web_ring, minmay_distorted
D:2:      layout_basic, old_standard_altar, nicolae_overflow_hidden_temple,
          hex_intersection
D:3:      layout_basic, palyth_stone_intersect
D:4:      layout_basic
D:5:      layout_gridville, nicolae_ru_sacrificial_ziggurat,
          cheibrodos_sewer_entry_drain, nicolae_ossuary_entry_plus,
          hangedman_glass_teeth, minmay_bent

Skill      XL: |  1  2  3  4 |
---------------+-------------+-----
Unarmed Combat | 3 4 5 |  5.6
Fighting       | |  3.0
Dodging        | |  2.6
Stealth        | |  1.7

Action                   |  1- 3 |  4- 6 || total
-------------------------+-------+-------++-------
Melee: Unarmed           |   166 |    74 ||   240
       Punch             |     2 |     1 ||     3
  Use: Potion            |       |     9 ||     9
 Stab: Sleeping          |     7 |       ||     7
       Invisible         |       |     1 ||     1
Armor: Robe              |     7 |       ||     7
       Leather armour    |    23 |    17 ||    40
Dodge: Dodged            |    69 |    56 ||   125
Block: Other             |    16 |    35 ||    51
